 Dungeon Crawl Stone Soup version 0.28-a0-704-g4d584c6bc1 (webtiles) character file.

Game seed: 4007635829608395827

134 Crumbo the Conjurer (level 4, -2/24 HPs)
             Began as a Deep Elf Conjurer on Oct 24, 2021.
             Slain by an orc wizard (3 damage)
             ... on level 3 of the Dungeon.
             The game lasted 00:09:50 (4752 turns).

Crumbo the Conjurer (Deep Elf Conjurer)             Turns: 4752, Time: 00:09:51

Health: -2/24      AC:  2    Str:  4    XL:     4   Next: 95%
Magic:  6/12       EV: 12    Int: 24    God:
Gold:   177        SH:  0    Dex: 13    Spells: 10/11 levels left

rFire   . . .      SeeInvis .   p - +3 quarterstaff
rCold   . . .      Faith    .   (shield currently unavailable)
rNeg    . . .      Spirit   .   a - +0 robe
rPois   +          Reflect  .   (no helmet)
rElec   .          Harm     .   (no cloak)
rCorr   .          Rampage  .   (no gloves)
Will    .....                   (no boots)
Stlth   +.........              (no amulet)
HPRegen 0.08/turn               d - ring of poison resistance
MPRegen 0.13/turn               (no ring)

@: confused, lethally poisoned (-2 -> -5)
A: no striking features
a: no special abilities


You were on level 3 of the Dungeon.
You visited 1 branch of the dungeon, and saw 4 of its levels.

You collected 177 gold pieces.

Inventory:

Hand Weapons
 p - a +3 quarterstaff (weapon)
Armour
 a - a +0 robe (worn)
Jewellery
 d - a ring of poison resistance (left hand)
 m - a +6 ring of intelligence
Wands
 i - a wand of flame (20)
Scrolls
 b - 3 scrolls of identify {unknown}
 c - a scroll of teleportation {unknown}
 f - a scroll of summoning {unknown}
 h - a scroll of brand weapon {unknown}
 o - a scroll of fear {unknown}
Potions
 e - a potion of degeneration {unknown}
 g - a potion of flight {unknown}
 j - a potion of lignification {unknown}
 k - a potion of cancellation {unknown}
 l - 2 potions of resistance {unknown}
 n - a potion of attraction {unknown}


   Skills:
 + Level 2.6 Dodging
 + Level 3.7 Stealth
 + Level 4.0 Spellcasting
 + Level 5.9 Conjurations


You had 10 spell levels left.
You knew the following spells:

 Your Spells              Type           Power      Damage    Failure   Level
a - Magic Dart            Conj           100%       1d8       1%          1

Your spell library contained the following spells:

 Spells                   Type           Power      Damage    Failure   Level
 Searing Ray              Conj           66%        2d6       1%          2
 Foxfire                  Conj/Fire      76%        2x1d7     3%          1
 Dazzling Flash           Conj/Hex       38%        N/A       9%          3
 Fulminant Prism          Conj/Hex       9%         3d7       28%         4
 Iskenderun's Mystic Bla  Conj/Tloc      19%        2d6       28%         4
 Lee's Rapid Deconstruct  Erth           2%         3d5*      95%         5


Dungeon Overview and Level Annotations

Branches:
Dungeon (4/15)
 Temple: D:4-7

Altars:

Shops:
D:2 *


Message History

Aim: an orc wizard, wielding a +0 dagger and wearing a +0 leather armour (heavily wounded, 100% to hit)
The magic dart hits the orc wizard.
The orc wizard is severely wounded.
The orc wizard hits you but does no damage.
Unknown command.
Casting: Magic Dart (safe; 1% risk of failure)
Confirm with . or Enter, or press ? or * to list all spells.
Aiming: Magic Dart (safe; 1% risk of failure)
Press: ? - help, Shift-Dir - straight line, f/p - orc wizard
Aim: an orc wizard, wielding a +0 dagger and wearing a +0 leather armour (severely wounded, 100% to hit)
The magic dart hits the orc wizard!
You kill the orc wizard!
Your Spellcasting skill increases to level 4!
Casting: Magic Dart (safe; 1% risk of failure)
Confirm with . or Enter, or press ? or * to list all spells.
Aiming: Magic Dart (safe; 1% risk of failure)
Press: ? - help, Shift-Dir - straight line, f - orc
Aim: an orc, wielding a +0 flail (100% to hit)
The magic dart hits something but does no damage.
You hear some strange, mumbled words.
You are confused.
You hear a shout!
Something hits you.
You are poisoned.
In your confused state, you trip and fall back down the stairs.
* * * LOW HITPOINT WARNING * * *
You feel sick. Something hits you but does no damage.
A ball python comes into view.
* * * LOW HITPOINT WARNING * * *
You feel sick. Something hits you.
* * * LOW HITPOINT WARNING * * *
You climb upwards.
Reactivating autopickup.
* * * LOW HITPOINT WARNING * * *
You feel sick.
There is a stone staircase leading down here.
You bump into the rock wall.
* * * LOW HITPOINT WARNING * * *
You feel sick. Something hits you.
You die...

#.# #.#.....##
#.# #........#
#.# ###.....##
#.# ##...## #
#.# #..## #
#.######..# #
#.........# #
#########{# #
############@#
#
#............#
#
#.......######
# #######.# #
#.# # #.# #
#.# # #.# #
#.#


There were no monsters in sight!

Vanquished Creatures
  An orc wizard (D:4)
  An iguana (D:4)
  2 adders
  2 worms
  3 dart slugs
  7 ball pythons
  5 bats
  6 endoplasms
  3 giant cockroaches
  3 goblins
  7 hobgoblins
  2 quokkas
  3 frilled lizards (D:1)
  6 kobolds
  3 rats
54 creatures vanquished.

Vanquished Creatures (others)
  A plant (D:1)
  7 toadstools (D:1)
8 creatures vanquished.

Grand Total: 62 creatures vanquished

Notes
Turn   | Place    | Note
-------+----------+-------------------------------------------
     0 | D:1      | Crumbo the Deep Elf Conjurer began the quest for the Orb.
     0 | D:1      | Reached XP level 1. HP: 10/10 MP: 6/6
   216 | D:1      | Reached XP level 2. HP: 15/15 MP: 2/8
   694 | D:1      | Reached skill level 5 in Conjurations
   909 | D:1      | Found a faded altar of an unknown god.
   919 | D:1      | Got Plato's Reference Book on Ignition and Attacks
  1256 | D:1      | Reached XP level 3. HP: 19/19 MP: 5/9
  1418 | D:2      | Found Gowiduib's Assorted Antiques.
  2934 | D:3      | Reached XP level 4. HP: 24/24 MP: 7/11
  4752 | D:3      | HP: 1/24 [poisoned by an orc wizard]
  4752 | D:3      | Slain by an orc wizard

Illustrated notes

Levels and vault maps discovered:
D:1:      nagdon_arrival_double_spiral, layout_loops_corners,
          shapermc_ecumenical_altar_rom_forum
D:2:      layout_basic, serial_shops, nicolae_diamond_shop
D:3:      layout_loops_ring, chequers_jeans, minmay_box_of_dots
D:4:      layout_loops_corners

Skill      XL: |  1  2  3  4 |
---------------+-------------+-----
Conjurations   | 5 |  5.9
Stealth        | 3 |  3.7
Spellcasting   | 4 |  4.0
Dodging        | |  2.6

Action                   |  1- 3 |  4- 6 || total
-------------------------+-------+-------++-------
Melee: Unarmed           |    10 |       ||    10
       Quarterstaff      |       |     1 ||     1
 Cast: Magic Dart        |    92 |    25 ||   117
Armor: Robe              |    16 |     5 ||    21
Dodge: Dodged            |    19 |     6 ||    25

Table legend: (Time is in decaauts)
 A = Elapsed time spent in this place.
 B = Non-inter-level travel time spent in this place.
 C = Inter-level travel time spent in this place.
 D = Time resting spent in this place.
 E = Time spent auto-exploring this place.
 F = Levels seen in this place.
 G = Mean time per level.
                   A        B        C        D        E       F      G
               +--------+--------+--------+--------+--------+-----+--------+
         Total |   4752 |   4752 |      0 |   1778 |   2301 |   4 | 1188.0 |
       Dungeon |   4752 |   4752 |      0 |   1778 |   2301 |   4 | 1188.0 |
               +--------+--------+--------+--------+--------+-----+--------+

Top non-repeatable levels by time:
     D:3: 1789 daAuts
     D:1: 1403 daAuts
     D:2: 926 daAuts
     D:4: 632 daAuts
